 Dungeon Crawl Stone Soup version 0.25-a0-578-gc91f01c39c (webtiles) character file.

Game seed: 6710601690801766383, levelgen mode: deterministic

15 Esekla the Charlatan (level 2, -11/14 HPs)
             Began as a Spriggan Artificer on Mar 4, 2020.
             Killed by divine providence
             ... invoked by an orc priest
              (15 damage)
             ... on level 3 of the Dungeon.
             The game lasted 00:02:51 (568 turns).

Esekla the Charlatan (Spriggan Artificer)            Turns: 568, Time: 00:02:52

Health: -11/14     AC:  2    Str:  8    XL:     2   Next: 34%
Magic:  6/6        EV: 19    Int: 12    God:
Gold:   28         SH:  0    Dex: 16    Spells: 1/1 levels left

rFire    . . .     SeeInvis +   a - +0 short sword
rCold    . . .     Gourm    .   (shield restricted)
rNeg     . . .     Faith    .   b - +0 robe
rPois    .         Spirit   .   (helmet restricted)
rElec    .         Reflect  .   (no cloak)
rCorr    .         Harm     .   (gloves unavailable)
MR       .....                  (boots unavailable)
Stlth    ++........             (no amulet)
HPRegen  0.04/turn              (no ring)
MPRegen  0.10/turn              (no ring)

@: very quick
A: very small, unfitting armour, see invisible, herbivore, speed 3, slow
metabolism 2
a: no special abilities


You were on level 3 of the Dungeon.
You were not hungry.

You visited 1 branch of the dungeon, and saw 3 of its levels.

You collected 28 gold pieces.

Inventory:

Hand Weapons
 a - a +0 short sword (weapon)
Armour
 b - a +0 robe (worn)
Wands
 c - a wand of flame (15)
 d - a wand of enslavement (15)
 e - a wand of random effects (15)
Scrolls
 h - a scroll of teleportation {unknown}
 j - a scroll of amnesia {unknown}
 k - a scroll of identify {unknown}
Potions
 g - a potion of invisibility {unknown}
 i - 2 potions of curing {unknown}
Comestibles
 f - 3 rations


   Skills:
 - Level 0.7 Fighting
 + Level 1.2 Short Blades
 + Level 3.6 Dodging
 * Level 3.1 Stealth
 - Level 4.0 Evocations


You had one spell level left.
You didn't know any spells.
Your spell library was empty.

Dungeon Overview and Level Annotations

Branches:
Dungeon (3/15)

Altars:
Ru


Innate Abilities, Weirdness & Mutations

You are very small and have problems with some larger weapons.
You are too small for most types of armour.
You have supernaturally acute eyesight. (SInv)
You are a herbivore.
You cover ground extremely quickly.
You need to consume almost no food.


Message History

The orc priest shouts!
The orc shouts!
You start waiting.
The orc is too close now for your liking.
An orc is nearby!
You start waiting.
The orc is too close now for your liking.
You hit the orc.
The orc is lightly wounded.
The orc barely misses you.
You hit the orc.
The orc is heavily wounded.
The orc barely misses you.
The orc priest mumbles some strange prayers to Beogh against you.
Beogh smites you!
Ouch! That really hurt!
* * * LOW HITPOINT WARNING * * *
The orc priest mumbles some strange prayers to Beogh against you.
Beogh smites you!
Ouch! That really hurt!
You die...

###.. #.###...## #...<
#........## ##.#..##
#.........# #.).....
#......... .......
....!... #.#...# #
.....# #.#...####.####
#..o# #@#............
#..# #.#.#.#.##.##. #
#..# #o#.#.#.# #. #..#
#.#.#.#.#
#..##..######.#.#.#.#
#........o..o.....#.#
##..##..#...##.#####.#
#.......†......# #.#
##..####.#...#### #.#


You could see an orc priest and an orc.

Vanquished Creatures
  An adder (D:2)
  A dart slug (D:1)
  A kobold (D:3)
  A bat (D:1)
  A frilled lizard (D:3)
  A rat (D:1)
6 creatures vanquished.

Notes
Turn   | Place    | Note
-------+----------+-------------------------------------------
     0 | D:1      | Esekla the Spriggan Artificer began the quest for the Orb.
     0 | D:1      | Reached XP level 1. HP: 9/9 MP: 4/4
   349 | D:2      | Reached XP level 2. HP: 14/14 MP: 6/6
   358 | D:2      | Found a sacrificial altar of Ru.
   568 | D:3      | Killed from afar by an orc priest

Levels and vault maps discovered:
D:1:      eino_arrival_water_cross, layout_loops_ring, hex_tiny
D:2:      layout_basic, lemuel_doored_altar, overflow_temple_1_default,
          kennysheep_another_room
D:3:      layout_loops_ring, nicolae_overflow_crystal_walls, uniq_terence

Skill      XL: |  1 |
---------------+----+-----
Stealth        | 3 |  3.1
Fighting       | |  0.7
Short Blades   | |  1.2
Dodging        | |  3.6
Evocations     | |  4.0

Action                   || total
-------------------------++-------
Melee: Short sword       ||    18
 Stab: Sleeping          ||     3
Dodge: Dodged            ||    10

Table legend:
 A = Non-vault XP
 B = Vault XP
 C = Vault XP percentage of total XP
 D = Non-vault monster count
 E = Vault monster count
 F = Vault count percentage of total count
                 A         B        C        D         E       F
            +---------+---------+-------+---------+---------+-------
      Total |      22 |       0 |   0.0 |       6 |       0 |   0.0
            +---------+---------+-------+---------+---------+-------
        D:1 |       6 |       0 |   0.0 |       3 |       0 |   0.0
        D:2 |      13 |       0 |   0.0 |       1 |       0 |   0.0
        D:3 |       3 |       0 |   0.0 |       2 |       0 |   0.0
            +---------+---------+-------+---------+---------+-------
